AoeStats
← Jukane

Migration

509165704Analyzed
1v1 RM · 8d ago on Sep 25, 2026· 49m 17s· 2 players
Game mode
Random Map
Map size
132×132
Population
200
Speed
Normal
Resources
Standard
Victory
Conquest
Starting age
Dark Age
Ending age
Imperial Age
RankedLock teamsTeams togetherTeam positionsShared explorationLock speedFull tech treeHidden civsTurbo modeCheats
Victory
Defeat
🇨🇿 Tupi · Czechia
781
+16
🇺🇸 Poles · United States
772
-16
Jukane
7:58 Loom
10:49 Feudal Age
14:27 Horse Collar
18:03 Fishing Lines
21:32 Castle Age
20:40 Fletching
22:54 Light Cavalry
24:36 Medium Warships
24:54 Double-Bit Axe
25:46 Scale Barding Armor
27:27 Pikeman
32:12 Szlachta Privileges
33:25 Chain Barding Armor
33:16 Forging
39:48 Imperial Age
41:34 Chemistry
41:41 Heavy Warships
DancyCake1070
15:22 Feudal Age
15:47 Fishing Lines
15:58 Double-Bit Axe
16:51 Wheelbarrow
16:02 Horse Collar
16:16 Gold Mining
17:34 Stone Mining
21:32 Castle Age
19:27 Fletching
22:35 Hand Cart
22:13 Gillnets
22:57 Medium Warships
23:28 Bow Saw
23:57 Gold Shaft Mining
24:30 Forging
24:20 Scale Mail Armor
24:33 Crossbowman
26:22 Squires
26:07 Arson
27:02 Iron Casting
28:00 Chain Mail Armor
29:22 Padded Archer Armor
29:19 Bodkin Arrow
33:56 Imperial Age
33:46 Leather Archer Armor
35:15 Plate Mail Armor
35:10 Conscription
36:30 Two-Man Saw
35:59 Heavy Warships
38:42 Bracer
42:24 Chemistry
41:44 Ballistics
42:23 Ring Archer Armor
48:23 Careening
Connection lost

Rejoining the realm…

Still unreachable

The connection could not be restored.

Session expired

The server has moved on; the page needs a fresh start.